 Dungeon Sprint DCSS version 0.31-a0-841-g038b102fc3 (webtiles) character file.

Game seed: 2182807931613413981

4461 sircluck the Grappler (level 10, -7/115 HPs)
             Began as a Troll Berserker on Sept 27, 2023.
             Was the Champion of Trog.
             Shot with an arrow by a deep elf master archer (16 damage)
             ... while petrified by a basilisk
             ... in the Dungeon (Sprint VII: "The Pits").
             The game lasted 00:02:26 (831 turns).

sircluck the Grappler (Troll Berserker)              Turns: 831, Time: 00:02:26

Health: -7/115     AC:  4    Str: 34    XL:     10   Next: 15%
Magic:  9/9        EV:  1    Int:  3    God:    Trog [******]
Gold:   0          SH:  0    Dex: 12    Spells: 9/9 levels left

rFire   . .          .
                       - Unarmed
rCold   . . .        (no shield)
rNeg    + + +        a - +0 animal skin
rPois   ∞            (helmet restricted)
rElec   .            (no cloak)
rCorr   .            (gloves unavailable)
SInv    .            (boots unavailable)
Will    .....        (no amulet)
Stlth   +            l - +3 ring of dexterity
HPRegen 1.19/turn    m - +3 ring of strength
MPRegen 0.11/turn

%: no teleportation
@: petrified
A: large, unfitting armour, claws 3, regeneration 1, shaggy fur 1, tough skin 1
a: Renounce Religion, Berserk, Trog's Hand, Brothers in Arms


You were in the Dungeon.
You worshipped Trog.
Trog was exalted by your worship.
You visited 1 branch

Inventory:

Missiles
 h - a curare-tipped dart (quivered)
Armour
 a - a +0 animal skin (worn)
Jewellery
 l - a +3 ring of dexterity (left claw)
 m - a +3 ring of strength (right claw)
Scrolls
 g - a scroll of blinking
 j - 2 scrolls of vulnerability
 k - a scroll of butterflies
Potions
 b - 8 potions of curing
 c - 10 potions of heal wounds
 d - 2 potions of haste
 e - 4 potions of magic
 f - 3 potions of berserk rage
 i - 2 potions of invisibility
 n - a potion of resistance
 o - a potion of mutation


   Skills:
 + Level 12.2 Fighting
 + Level 12.0 Dodging
 + Level 14.2 Unarmed Combat


You had 9 spell levels left.
You didn't know any spells.
Your spell library was empty.

Dungeon Overview and Level Annotations

Branches:
Dungeon (1/1)

Altars:
Ashenzari
Cheibriados
Dithmenos
Elyvilon
Fedhas
Gozag
Hepliaklqana
Kikubaaqudgha
Makhleb
Nemelex Xobeh
Okawaru
Qazlal
Ru
Sif Muna
Trog
Uskayaw
Vehumet
Wu Jian
Xom
Yredelemnul
Zin
The Shining One
Jiyva
Lugonu


Innate Abilities, Weirdness & Mutations

You are too large for most types of armour.
You have claws for hands.
Your natural rate of healing is unusually fast.
You are covered in fur. (AC +1)
You have tough skin. (AC +1)


Message History

The basilisk is almost dead.
The basilisk hisses menacingly.
The basilisk gazes at you.
You are slowing down.
A killer bee comes into view.
Unknown command.
You closely miss the basilisk.
The basilisk is almost dead.
The yak gores you but does no damage. The yak gores you!
The basilisk bites you!
Your limbs are stiffening.
You closely miss the basilisk.
The basilisk is almost dead.
The yak barely misses you. The yak gores you! The basilisk gazes at you.
Your limbs have turned to stone.
You have turned to stone.
The yak gores you! x2; The basilisk bites you!
The yak gores you. The yak gores you! The basilisk bites you.
The yak gores you! The basilisk gazes at you. The yak gores you!
The yak gores you! The basilisk bites you. The yak gores you!
The basilisk bites you.
The deep elf master archer wields a +0 longbow.
The deep elf master archer shoots an arrow.
The arrow hits you!!
* * * LOW HITPOINT WARNING * * *
The basilisk bites you!
* * * LOW HITPOINT WARNING * * *
The yak gores you!
* * * LOW HITPOINT WARNING * * *
The deep elf master archer shoots an arrow.
The arrow hits you!!
* * * LOW HITPOINT WARNING * * *
The yak gores you.
* * * LOW HITPOINT WARNING * * *
The basilisk gazes at you. You resist with some effort.
The deep elf master archer shoots an arrow.
The arrow hits you!!
You die...

..#......##..# .#
.........''..# ..#
.........''..##########..#
..#......##...†..........#
.........##..............#
##')######################
##))##############
##).....#..)'....##
##....###)..###.@l#
##...##.'...+ ##eYYy.#
##..##..##+## ##YY.##
##..#..## yl..# ##..#..#
...# ##..'..+ ...+
##..#..# ...# ##).#..#
...# ##..##..#


You could see a deep elf master archer, 4 yaks, a basilisk, a hornet and a
wyvern.

Vanquished Creatures
  A demonic crawler (D)
  A sea snake (D)
  A flayed ghost (D)
  A phantasmal warrior (D)
  A kobold demonologist (D)
  A wraith (D)
  2 yaks (D)
  3 vampire mosquitoes (D)
  2 redbacks (D)
  A warg (D)
  A water moccasin (D)
  A floating eye (D)
  A black bear (D)
  2 centaurs (D)
  A kobold brigand (D)
  2 scorpions (D)
  4 wights (D)
  2 orc priests (D)
  A gnoll bouda (D)
  A mummy (D)
  2 gnolls (D)
  An adder (D)
  A river rat (D)
  4 ufetubi (D)
  A worm (D)
  An orc (D)
  2 goblins (D)
  A hobgoblin (D)
  A ball python skeleton (D)
  A bat (D)
  3 kobolds (D)
48 creatures vanquished.

Notes
Turn   | Place    | Note
-------+----------+-------------------------------------------
     0 | D        | sircluck the Troll Berserker began the quest for the Orb.
     0 | D        | Reached XP level 1. HP: 22/22 MP: 0/0
    11 | D        | Noticed an orc priest
    11 | D        | Noticed an orc priest
    11 | D        | Noticed a kobold demonologist
    11 | D        | Noticed a kobold brigand
    20 | D        | Noticed a sixfirhy
    20 | D        | Killed a kobold demonologist
    21 | D        | Reached skill level 7 in Unarmed Combat
    21 | D        | Reached XP level 2. HP: 24/37 MP: 1/1
    21 | D        | Reached XP level 3. HP: 29/45 MP: 2/2
    21 | D        | Reached XP level 4. HP: 34/53 MP: 3/3
    21 | D        | Reached XP level 5. HP: 39/61 MP: 4/4
    24 | D        | Reached ** piety under Trog
    25 | D        | Reached skill level 8 in Unarmed Combat
    25 | D        | Reached XP level 6. HP: 44/68 MP: 5/5
    32 | D        | HP: 2/71 [kobold/+0 whip (3)]
    34 | D        | Reached *** piety under Trog
    72 | D        | Noticed a vampire mosquito
    72 | D        | Noticed a vampire mosquito
    73 | D        | Noticed a vampire mosquito
    77 | D        | Killed a vampire mosquito
    78 | D        | Reached skill level 9 in Unarmed Combat
    78 | D        | Killed a vampire mosquito
    78 | D        | Reached **** piety under Trog
    79 | D        | Reached XP level 7. HP: 39/80 MP: 6/6
    79 | D        | Killed a vampire mosquito
    80 | D        | Reached skill level 10 in Unarmed Combat
   156 | D        | Noticed a redback
   170 | D        | Killed a redback
   201 | D        | Noticed a redback
   208 | D        | Killed a redback
   209 | D        | Reached XP level 8. HP: 80/92 MP: 7/7
   266 | D        | Reached ***** piety under Trog
   277 | D        | Found a bloodstained altar of Trog.
   277 | D        | Found a shimmering blue altar of Sif Muna.
   277 | D        | Found a viscous altar of Jiyva.
   277 | D        | Found a hazy altar of Hepliaklqana.
   277 | D        | Found an opulent altar of Gozag.
   278 | D        | Found a glowing golden altar of the Shining One.
   278 | D        | Found a glowing silver altar of Zin.
   278 | D        | Found a basalt altar of Yredelemnul.
   278 | D        | Found a shimmering altar of Xom.
   278 | D        | Found an ornate altar of the Wu Jian Council.
   278 | D        | Found a sacrificial altar of Ru.
   278 | D        | Found a stormy altar of Qazlal.
   278 | D        | Found an iron altar of Okawaru.
   278 | D        | Found a sparkling altar of Nemelex Xobeh.
   278 | D        | Found a burning altar of Makhleb.
   278 | D        | Found a blossoming altar of Fedhas.
   278 | D        | Found a white marble altar of Elyvilon.
   278 | D        | Found a shadowy altar of Dithmenos.
   278 | D        | Found a snail-covered altar of Cheibriados.
   281 | D        | Found a corrupted altar of Lugonu.
   281 | D        | Found a radiant altar of Vehumet.
   282 | D        | Found an ancient bone altar of Kikubaaqudgha.
   282 | D        | Found a hide-covered altar of Uskayaw.
   282 | D        | Found a broken altar of Ashenzari.
   336 | D        | Paralysed by a floating eye for 4 turns
   342 | D        | Reached skill level 11 in Unarmed Combat
   348 | D        | Received a gift from Trog
   422 | D        | Reached ****** piety under Trog
   460 | D        | Reached skill level 10 in Fighting
   461 | D        | Received a gift from Trog
   468 | D        | Noticed a demonic crawler
   478 | D        | Killed a demonic crawler
   479 | D        | Reached skill level 10 in Dodging
   479 | D        | Reached skill level 12 in Unarmed Combat
   479 | D        | Reached XP level 9. HP: 102/102 MP: 8/8
   584 | D        | Noticed a sea snake
   584 | D        | Noticed a phantasmal warrior
   589 | D        | Killed a phantasmal warrior
   590 | D        | Reached skill level 13 in Unarmed Combat
   591 | D        | Killed a sea snake
   656 | D        | Noticed a flayed ghost
   664 | D        | Killed a flayed ghost
   664 | D        | Received a gift from Trog
   665 | D        | Reached skill level 14 in Unarmed Combat
   665 | D        | Reached XP level 10. HP: 115/115 MP: 9/9
   814 | D        | Noticed a deep elf master archer
   831 | D        | Shot with an arrow by a deep elf master archer

Illustrated notes

Levels and vault maps discovered:
D:        pitsprint [storerooms_1, entrance_room_1, metal_vault_6, armoury_3,
          mini_pit_1, grid_room_1, main_hall_1, silver_pit, the_coven_3,
          the_vestibule_1, steel_vault_2, golden_pit, hallway_of_sentries,
          crystal_vault_2, iron_vault_1, final_vault]

Skill      XL: |  1  2  3  4  5  6  7  8  9 10 |
---------------+-------------------------------+-----
Fighting       | 6 8 9 10 12 | 12.2
Dodging        | 6 8 9 10 11 12 | 12.0
Unarmed Combat | 7 8 9 10 12 14 | 14.2

Action                     |  1- 3 |  4- 6 |  7- 9 | 10-12 || total
---------------------------+-------+-------+-------+-------++-------
  Melee: Unarmed           |     5 |    19 |    88 |    10 ||   122
         Punch             |       |       |     6 |     1 ||     7
 Invoke: Berserk           |     1 |       |     3 |       ||     4
 Armour: Animal skin       |     2 |    24 |    59 |    25 ||   110
  Dodge: Dodged            |       |    24 |    48 |     3 ||    75

Table legend: (Time is in decaauts)
 A = Elapsed time spent in this place.
 B = Non-inter-level travel time spent in this place.
 C = Inter-level travel time spent in this place.
 D = Time resting spent in this place.
 E = Time spent auto-exploring this place.
 F = Levels seen in this place.
 G = Mean time per level.
                   A        B        C        D        E       F      G
               +--------+--------+--------+--------+--------+-----+--------+
         Total |    845 |    790 |     55 |    303 |    110 |   1 |  845.0 |
       Dungeon |    845 |    790 |     55 |    303 |    110 |   1 |  845.0 |
               +--------+--------+--------+--------+--------+-----+--------+

Top non-repeatable levels by time:
       D: 845 daAuts
